 Dungeon Crawl Stone Soup version 0.26.1-11-gd32895ea62 (webtiles) character file.

Game seed: 11943367031502600614

164 nomophobia the Vandal (level 5, -8/35 HPs)
             Began as a Halfling Hunter on May 18, 2021.
             Killed by divine providence
             ... invoked by an orc priest
              (11 damage)
             ... on level 3 of the Dungeon.
             The game lasted 00:28:22 (3209 turns).

nomophobia the Vandal (Halfling Hunter)             Turns: 3209, Time: 00:28:23

Health: -8/35      AC:  4    Str: 13    XL:     5   Next: 73%
Magic:  5/5        EV: 15    Int:  9    God:
Gold:   156        SH:  0    Dex: 16    Spells: 4/4 levels left

rFire    . . .     SeeInvis .   b - +0 short sword
rCold    . . .     Faith    .   (shield restricted)
rNeg     . . .     Spirit   .   c - +1 leather armour
rPois    .         Reflect  .   (no helmet)
rElec    .         Harm     .   (no cloak)
rCorr    .         Rampage  .   (no gloves)
Will     .....                  (no boots)
Stlth    ++........             (no amulet)
HPRegen  0.11/turn              (no ring)
MPRegen  0.09/turn              (no ring)

@: no status effects
A: small, mutation resistance 1
a: no special abilities


You were on level 3 of the Dungeon.
You visited 1 branch of the dungeon, and saw 3 of its levels.

You collected 156 gold pieces.

Inventory:

Hand Weapons
 a - a +1 hunting sling
 b - a +0 short sword (weapon)
Missiles
 d - 14 sling bullets
 h - 142 stones (quivered)
Armour
 c - a +1 leather armour (worn)
Jewellery
 e - a cursed ring of teleportation
Scrolls
 k - a scroll of identify
 p - a scroll of remove curse
Potions
 f - a potion of flight
 g - 2 potions of curing {unknown}
 i - 3 potions of lignification {unknown}
 j - a potion of degeneration {unknown}
 l - a potion of haste {unknown}
 m - a potion of heal wounds {unknown}
 o - a potion of ambrosia {unknown}
 q - a potion of might {unknown}
 r - a potion of cancellation {unknown}


   Skills:
 + Level 2.5 Fighting
 * Level 3.3 Short Blades
 - Level 5.8 Slings
 + Level 3.0 Dodging
 * Level 3.5 Stealth


You had 4 spell levels left.
You didn't know any spells.
Your spell library was empty.

Dungeon Overview and Level Annotations

Branches:
Dungeon (3/15)

Altars:
Makhleb
Sif Muna


Innate Abilities, Weirdness & Mutations

You are small and have problems with some larger weapons.
You are somewhat resistant to further mutation.


Message History

You hit the orc but do no damage.
The orc is lightly wounded.
The orc hits you with a +0 club. The orc priest hits you.
You hit the orc but do no damage.
The orc is lightly wounded.
The orc hits you with a +0 club! The orc priest barely misses you.
You hit the orc but do no damage.
The orc is lightly wounded.
The orc priest hits you. The orc misses you.
You barely miss the orc.
The orc is lightly wounded.
The orc priest calls down the wrath of Beogh upon you.
Beogh smites you!
* * * LOW HITPOINT WARNING * * *
The orc barely misses you.
The orc priest calls upon Beogh to heal the orc.
The orc's wounds heal themselves!
The orc priest mumbles some strange prayers to Beogh against you.
Beogh smites you!
You die...

#########**,*,,,,,,,**,*,,,
#.......# *,,,,,,,,,,****+*
#######.#####.# ***,,,,,,,,,,*,,,
........# #.# *,***,,,**,**,*
.############.####*,***,,,**,,***
.# #.......#*,,,,,..#**,,,, .#
*##.##.##>#*****...# *****
.#######.......#.# #...#
.##......#.##..#@# #...# *
.†##.....#.....<.######...######*
...##....#.....#.o..............,
....#.............o.............,
_........#.##..#...............,,
....#..........#.####.......#****
...##..>##.......# #.#...#.# *
..###########.#### #.#...#.# *
.## #######.# #.#...#.#


You could see an orc priest and an orc.

Vanquished Creatures
  A gnoll (D:3)
  7 adders
  2 oozes
  2 worms (D:2)
  3 dart slugs
  2 leopard geckos
  3 orcs (D:3)
  9 bats
  2 giant cockroaches
  12 goblins
  4 hobgoblins
  3 jackals (D:2)
  A quokka (D:3)
  A ball python (D:3)
  4 frilled lizards
  9 kobolds
  7 rats
72 creatures vanquished.

Notes
Turn   | Place    | Note
-------+----------+-------------------------------------------
     0 | D:1      | nomophobia the Halfling Hunter began the quest for the Orb.
     0 | D:1      | Reached XP level 1. HP: 14/14 MP: 1/1
   107 | D:1      | Reached XP level 2. HP: 19/19 MP: 2/2
   114 | D:1      | Reached skill level 1 in Short Blades
   550 | D:1      | Reached XP level 3. HP: 24/24 MP: 3/3
   903 | D:2      | Reached XP level 4. HP: 10/29 MP: 4/4
  1798 | D:2      | Reached XP level 5. HP: 35/35 MP: 5/5
  2041 | D:2      | Found a shimmering blue altar of Sif Muna.
  3045 | D:3      | Found a burning altar of Makhleb.
  3209 | D:3      | Killed from afar by an orc priest

Illustrated notes

Levels and vault maps discovered:
D:1:      nagdon_arrival_zigzag_paths, layout_basic
D:2:      layout_basic, nzn_hepliaklqana_mist_gate, lemuel_blue_sif_altar,
          serial_rivers, chequers_serial_rivers_micro_b,
          chequers_serial_rivers_small_a, chequers_serial_rivers_micro_c,
          chequers_serial_rivers_marsh, chequers_serial_rivers_micro_b,
          chequers_serial_rivers_large_b
D:3:      cheibrodos_greedy_goblins, layout_loops_cross, lemuel_round_altar,
          lemuel_zombie_altar_kikubaaqudgha, minmay_vboxes

Skill      XL: |  1  2  3  4  5 |
---------------+----------------+-----
Short Blades   | 1 2 3 |  3.3
Fighting       | 2 |  2.5
Stealth        | 2 3 |  3.5
Dodging        | 3 |  3.0
Slings         | |  5.8

Action                   |  1- 3 |  4- 6 || total
-------------------------+-------+-------++-------
Melee: Short sword       |    50 |   117 ||   167
 Fire: Hunting sling     |    51 |    66 ||   117
Throw: Stone             |       |     5 ||     5
  Use: Scroll            |     1 |     9 ||    10
 Stab: Sleeping          |     1 |       ||     1
Armor: Leather armour    |     7 |    18 ||    25
Dodge: Dodged            |    47 |    84 ||   131
